 Dungeon Crawl Stone Soup version 0.22.0-49-gab54619674 (webtiles) character file.

1045 JedernureinKreuz the Conjurer (level 8, -1/58 HPs)
             Began as a Gnoll Conjurer on Sept 9, 2018.
             Slain by a wight
             ... wielding a +5 falchion
              (4 damage)
             ... on level 6 of the Dungeon.
             The game lasted 00:25:14 (5118 turns).

JedernureinKreuz the Conjurer (Gnoll Conjurer)      Turns: 5118, Time: 00:25:16

Health: -1/58      AC:  4    Str: 11    XL:     8   Next: 25%
Magic:  2/16       EV: 14    Int: 20    God:
Gold:   117        SH:  0    Dex: 15    Spells: 10/18 levels left

rFire    . . .     SeeInvis .   d - +0 short sword
rCold    . . .     Gourm    .   (no shield)
rNeg     . . .     Faith    .   g - +0 leather armour
rPois    .         Spirit   .   x - +0 helmet
rElec    .         Reflect  .   (no cloak)
rCorr    .         Harm     .   (no gloves)
MR       .....                  (no boots)
Stlth    +++.......             (no amulet)
HPRegen  0.19/turn              (no ring)
MPRegen  0.15/turn              (no ring)

@: drained
A: distributed training, fangs 1, strong nose
a: no special abilities


You were on level 6 of the Dungeon.
You were not hungry.

You visited 1 branch of the dungeon, and saw 6 of its levels.

You collected 327 gold pieces.
You spent 210 gold pieces at shops.

Inventory:

Hand Weapons
 d - a +0 short sword (weapon)
 s - a +0 dagger
 t - a +0 hunting sling
 u - a +0 club
 J - a +0 shortbow
 N - a cursed -1 shortbow
Missiles
 e - 145 stones (quivered)
 i - 5 javelins
 j - 52 sling bullets
 l - 25 bolts
 v - a throwing net
 I - 4 needles of frenzy
 K - 55 arrows
Armour
 a - a +0 robe
 g - a +0 leather armour (worn)
 h - a +0 helmet
 x - a +0 helmet (worn)
 M - a +0 pair of gloves
Wands
 f - a wand of flame (30)
 D - a wand of iceblast (11)
Scrolls
 m - a scroll of random uselessness {unknown}
 n - 2 scrolls of remove curse
 p - 4 scrolls of teleportation {unknown}
 q - 3 scrolls of enchant weapon {unknown}
 y - 4 scrolls of identify
 z - a scroll of amnesia {unknown}
 B - a scroll of magic mapping {unknown}
 C - a scroll of fear {unknown}
 G - a scroll of blinking {unknown}
Potions
 b - a potion of cancellation
 k - a potion of agility {unknown}
 o - a potion of flight {unknown}
 r - 3 potions of degeneration {unknown}
 w - 2 potions of lignification {unknown}
 E - a potion of magic {unknown}
 F - a potion of might {unknown}
 L - a potion of haste {unknown}
Comestibles
 c - 5 rations
 H - 6 chunks of flesh


   Skills:
 + Level 3.0(2.2) Fighting
 + Level 3.0(2.2) Short Blades
 + Level 3.0(2.2) Long Blades
 + Level 3.0(2.2) Axes
 + Level 3.0(2.2) Maces & Flails
 + Level 3.0(2.2) Polearms
 + Level 3.0(2.2) Staves
 + Level 3.0(2.2) Slings
 + Level 3.0(2.2) Bows
 + Level 3.0(2.2) Crossbows
 + Level 3.0(2.2) Throwing
 + Level 3.0(2.2) Armour
 + Level 5.5(4.6) Dodging
 + Level 5.2(4.3) Stealth
 + Level 3.0(2.2) Shields
 + Level 3.0(2.2) Unarmed Combat
 + Level 5.9(5.0) Spellcasting
 + Level 7.6(6.6) Conjurations
 + Level 2.4(1.6) Hexes
 + Level 2.4(1.6) Charms
 + Level 2.4(1.6) Summonings
 + Level 2.4(1.6) Necromancy
 + Level 2.4(1.6) Translocations
 + Level 2.4(1.6) Transmutations
 + Level 2.4(1.6) Fire Magic
 + Level 2.4(1.6) Ice Magic
 + Level 2.4(1.6) Air Magic
 + Level 2.4(1.6) Earth Magic
 + Level 2.4(1.6) Poison Magic
 + Level 3.3(2.5) Invocations
 + Level 3.0(2.2) Evocations


You had 10 spell levels left.
You knew the following spells:

 Your Spells              Type           Power        Failure   Level  Hunger
a - Magic Dart            Conj           ####         1%          1    None
b - Iskenderun's Mystic   Conj           ####....     10%         4    ####...
c - Dazzling Spray        Conj/Hex       ###...       9%          3    ##.....

Your spell library contained the following spells:

 Spells                   Type           Power        Failure   Level  Hunger
 Searing Ray              Conj           ####..       1%          2    None
 Force Lance              Conj/Tloc      ###.....     28%         4    ####...
 Fulminant Prism          Conj/Hex       ###.......   28%         4    ####...


Dungeon Overview and Level Annotations

Branches:
Dungeon (6/15)             Temple (0/1) D:6

Altars:
Ashenzari
Qazlal
Ru
Xom

Shops:
D:4 *:*=[


Innate Abilities, Weirdness & Mutations

Your experience applies equally to all skills.
You have very sharp teeth.
Your uncanny sense of smell can sniff out nearby items.


Message History

The wight misses you. The wight closely misses you.
The wight hits you from afar with a spear.
You feel drained.
You hit the wight but do no damage.
The wight is almost destroyed.
The wight hits you but does no damage. The wight barely misses you.
The wight hits you from afar with a spear.
The wight hits you with a flail.
You hit the wight but do no damage.
The wight is almost destroyed.
The wight misses you. The wight hits you with a falchion.
You feel drained. The wight closely misses you.
You closely miss the wight.
The wight is almost destroyed.
The wight hits you with a flail!
* * * LOW HITPOINT WARNING * * *
The wight hits you with an enchanted falchion!
* * * LOW HITPOINT WARNING * * *
You feel drained.
You die...

......# #......##
#.........
#......... ###
#......... .#...
###........
......#z#......##
#..@z.......##
#.....z#z(.......
########.........
#)........
...........
.h...........
.h.............
.........P.P...
...((.....>....


You could see 4 wights.

Vanquished Creatures
  A water moccasin (D:5)
  An ogre (D:5)
  2 centaurs (D:5)
  A scorpion (D:5)
  A wight (D:6)
  3 crimson imps (D:5)
  A hound (D:5)
  A jelly (D:5)
  A bullfrog skeleton (D:6)
  Ijyb (D:3)
  Terence (D:3)
  4 worker ants
  Robin (D:2)
  12 gnolls
  4 adders
  An ooze (D:1)
  An adder skeleton (D:4)
  A worm (D:2)
  A dart slug (D:1)
  A leopard gecko (D:2)
  2 orcs (D:3)
  A giant cockroach (D:1)
  15 goblins
  7 hobgoblins
  19 jackals
  2 quokkas
  A ball python (D:3)
  A ball python skeleton (D:4)
  10 bats
  3 frilled lizards
  A jackal skeleton (D:4)
  7 kobolds
  A quokka skeleton (D:5)
  5 rats
115 creatures vanquished.

Notes
Turn   | Place    | Note
-------+----------+-------------------------------------------
     0 | D:1      | JedernureinKreuz the Gnoll Conjurer began the quest for the
                  | Orb.
     0 | D:1      | Reached XP level 1. HP: 13/13 MP: 6/6
    70 | D:1      | Reached XP level 2. HP: 19/19 MP: 2/7
   299 | D:1      | Reached XP level 3. HP: 25/25 MP: 5/9
   408 | D:1      | Reached skill level 5 in Spellcasting
   593 | D:2      | Reached skill level 1 in Invocations
   840 | D:2      | Found a shattered altar of Ashenzari.
   960 | D:2      | Reached skill level 1 in Fighting
   960 | D:2      | Reached skill level 1 in Short Blades
   960 | D:2      | Reached skill level 1 in Long Blades
   960 | D:2      | Reached skill level 1 in Axes
   960 | D:2      | Reached skill level 1 in Maces & Flails
   960 | D:2      | Reached skill level 1 in Polearms
   960 | D:2      | Reached skill level 1 in Staves
   960 | D:2      | Reached skill level 1 in Slings
   960 | D:2      | Reached skill level 1 in Bows
   960 | D:2      | Reached skill level 1 in Crossbows
   960 | D:2      | Reached skill level 1 in Throwing
   960 | D:2      | Reached skill level 1 in Armour
   960 | D:2      | Reached skill level 1 in Shields
   960 | D:2      | Reached skill level 1 in Unarmed Combat
   960 | D:2      | Reached skill level 1 in Evocations
   979 | D:2      | Reached XP level 4. HP: 27/32 MP: 1/11
  1127 | D:2      | Noticed Robin
  1132 | D:2      | Killed Robin
  1324 | D:3      | Noticed Terence
  1338 | D:3      | Killed Terence
  1338 | D:3      | Reached skill level 1 in Hexes
  1338 | D:3      | Reached skill level 1 in Charms
  1338 | D:3      | Reached skill level 1 in Summonings
  1338 | D:3      | Reached skill level 1 in Necromancy
  1338 | D:3      | Reached skill level 1 in Translocations
  1338 | D:3      | Reached skill level 1 in Transmutations
  1338 | D:3      | Reached skill level 1 in Fire Magic
  1338 | D:3      | Reached skill level 1 in Ice Magic
  1338 | D:3      | Reached skill level 1 in Air Magic
  1338 | D:3      | Reached skill level 1 in Earth Magic
  1338 | D:3      | Reached skill level 1 in Poison Magic
  1386 | D:3      | Noticed Ijyb
  1587 | D:2      | Learned a level 4 spell: Iskenderun's Mystic Blast
  1591 | D:2      | Learned a level 3 spell: Dazzling Spray
  1613 | D:3      | Killed Ijyb
  1613 | D:3      | Reached XP level 5. HP: 20/37 MP: 1/12
  2027 | D:3      | Found a shimmering altar of Xom.
  2743 | D:3      | Reached XP level 6. HP: 16/44 MP: 3/13
  3356 | D:4      | Found Carry's Jewellery Shop.
  3450 | D:4      | Found Panwoimn's Antique Armour Shop.
  3489 | D:4      | Found a stormy altar of Qazlal.
  3504 | D:4      | Reached skill level 5 in Dodging
  3512 | D:4      | Noticed a fire elemental
  3512 | D:4      | Noticed a water elemental
  3512 | D:4      | Noticed an air elemental
  3563 | D:4      | Found Coniu's Assorted Antiques.
  3572 | D:4      | Bought an encrusted bone wand for 108 gold pieces
  3572 | D:4      | Bought a scroll of identify for 54 gold pieces
  3572 | D:4      | Bought a green potion for 24 gold pieces
  3572 | D:4      | Bought a purple potion for 24 gold pieces
  3575 | D:4      | Found Soigin's Book Shoppe.
  3658 | D:4      | Found Jotanol's General Store.
  3820 | D:4      | Found a sacrificial altar of Ru.
  4115 | D:5      | Entered Level 5 of the Dungeon
  4243 | D:5      | Reached XP level 7. HP: 46/50 MP: 2/15
  4634 | D:5      | Reached skill level 5 in Stealth
  4840 | D:6      | Found a staircase to the Ecumenical Temple.
  4862 | D:5      | Reached XP level 8. HP: 35/57 MP: 3/16
  5118 | D:6      | Slain by a wight

Skill      XL: |  1  2  3  4  5  6  7  8 |
---------------+-------------------------+-----
Spellcasting   | 5 |  5.9
Invocations    | 1 2 3 |  3.3
Fighting       | 1 2 3 |  3.0
Short Blades   | 1 2 3 |  3.0
Long Blades    | 1 2 3 |  3.0
Axes           | 1 2 3 |  3.0
Maces & Flails | 1 2 3 |  3.0
Polearms       | 1 2 3 |  3.0
Staves         | 1 2 3 |  3.0
Slings         | 1 2 3 |  3.0
Bows           | 1 2 3 |  3.0
Crossbows      | 1 2 3 |  3.0
Throwing       | 1 2 3 |  3.0
Armour         | 1 2 3 |  3.0
Shields        | 1 2 3 |  3.0
Unarmed Combat | 1 2 3 |  3.0
Evocations     | 1 2 3 |  3.0
Hexes          | 1 2 |  2.4
Charms         | 1 2 |  2.4
Summonings     | 1 2 |  2.4
Necromancy     | 1 2 |  2.4
Translocations | 1 2 |  2.4
Transmutations | 1 2 |  2.4
Fire Magic     | 1 2 |  2.4
Ice Magic      | 1 2 |  2.4
Air Magic      | 1 2 |  2.4
Earth Magic    | 1 2 |  2.4
Poison Magic   | 1 2 |  2.4
Dodging        | 5 |  5.5
Stealth        | 5 |  5.2
Conjurations   | |  7.6

Action                   |  1- 3 |  4- 6 |  7- 9 || total
-------------------------+-------+-------+-------++-------
Melee: Unarmed           |     3 |       |       ||     3
       Short sword       |    22 |    50 |    53 ||   125
       Bite              |     1 |       |     5 ||     6
       Punch             |       |       |     1 ||     1
Throw: Tomahawk          |       |    23 |     2 ||    25
 Cast: Magic Dart        |    54 |   130 |    42 ||   226
       Dazzling Spray    |       |     2 |    18 ||    20
       Iskenderun's Myst |       |     3 |     1 ||     4
  Use: Scroll            |       |     3 |       ||     3
 Stab: Sleeping          |     4 |     8 |       ||    12
       Invisible         |       |       |     1 ||     1
  Eat: Chunk             |       |     9 |     2 ||    11
       Ration            |       |     1 |       ||     1
Armor: Robe              |     2 |       |       ||     2
       Leather armour    |     1 |    22 |    16 ||    39
Dodge: Dodged            |    25 |   102 |    55 ||   182
